 Dungeon Crawl Stone Soup version 0.29.1-15-g9cfb28693d (webtiles) character file.

Game seed: 7390720752466583022

1 leafyfresh the Sneak (level 1, -4/16 HPs)
             Began as an Octopode Delver on Mar 4, 2023.
             Slain by an orc
             ... wielding a +0 dagger
              (5 damage)
             ... on level 5 of the Dungeon.
             The game lasted 00:00:10 (187 turns).

leafyfresh the Sneak (Octopode Delver)               Turns: 187, Time: 00:00:10

Health: -4/16      AC:  1    Str: 11    XL:     1   Next: 20%
Magic:  1/1        EV: 13    Int: 12    God:
Gold:   19         SH:  0    Dex: 13    Spells: 0/0 levels left

rFire   . . .      SeeInvis .   a - +0 short sword
rCold   . . .      Faith    .   (no shield)
rNeg    . . .      Spirit   .   (helmet restricted)
rPois   .          Reflect  .   (no amulet)
rElec   .          Harm     .   (no ring)
rCorr   .          Rampage  .   (no ring)
Will    .....                   (no ring)
Stlth   ++++......              (no ring)
HPRegen 0.05/turn               (no ring)
MPRegen 0.07/turn               (no ring)
                                (no ring)
                                (no ring)

@: no status effects
A: almost no armour, amphibious, 8 rings, camouflage 1, gelatinous body 1,
(nimble swimmer 1), tentacles
a: no special abilities


You were on level 5 of the Dungeon.
You visited 1 branch of the dungeon, and saw 1 of its levels.

You collected 19 gold pieces.

Inventory:

Hand Weapons
 a - a +0 short sword (weapon)
Wands
 f - a wand of digging (3)
Scrolls
 b - a scroll of fog
 c - a scroll of magic mapping
 d - 2 scrolls of fear
 h - a scroll of silence {unknown}
Potions
 e - a potion of haste
 g - a potion of curing {unknown}


   Skills:
 + Level 3.0 Fighting
 - Level 2.0 Short Blades
 + Level 2.0 Dodging
 + Level 6.6 Stealth


You couldn't memorise any spells.
You didn't know any spells.
Your spell library was empty.

Dungeon Overview and Level Annotations

Branches:
Dungeon (5/15)
 Temple: D:4-7

Altars:


Innate Abilities, Weirdness & Mutations

You cannot wear most types of armour.
You are amphibious.
You can wear up to eight rings at the same time.
Your skin changes colour to match your surroundings (Stealth+).
Your rubbery body absorbs attacks. (AC +1, EV +1)
((You are camouflaged when in or above water. (Stealth+)))
You have tentacles for arms and can constrict up to eight enemies at once.


Message History

HP restored.
You see here a quokka corpse.
Key pressed, stopping explore.
No target in view!
Found a leather armour.
No target in view!
Found a stone staircase leading up.
No target in view!
h - a scroll labelled BUMUOC JARCHO No target in view!
An orc comes into view. It is wielding a +0 dagger.
An orc comes into view. It is wielding a +0 dagger.
An orc comes into view. It is wielding a +0 hand axe.
An orc comes into view. It is wielding a +0 club.
The orc hits you with a +0 dagger.
The orc shouts! x2
You barely miss the orc. You grab the orc. You constrict the orc.
The orc shouts!
The orc misses you. The orc hits you with a +0 hand axe.
The orc hits you with a +0 dagger.
You are too injured to fight recklessly!
You are too injured to fight recklessly!
Unknown command.
You release your grip on the orc.
The orc attacks as you move away! The orc hits you with a +0 club.
The orc attacks as you move away! The orc barely misses you.
You barely miss the orc. You grab the orc. You constrict the orc.
The orc misses you.
You hit the orc.
The orc is severely wounded.
You constrict the orc.
The orc escapes!
You hit the orc. You grab the orc.
The orc is lightly wounded.
You constrict the orc. The orc misses you. The orc hits you with a +0 dagger.
* * * LOW HITPOINT WARNING * * *
You hit the orc.
The orc is moderately wounded.
You constrict the orc. The orc barely misses you.
The orc hits you with a +0 dagger.
You die...

####### ####.....##
###.........## ###
##............## #..##
..............[### #.....
#<..............o##......
#..............@oo.#
#........#.....##..#
##.....##...####...#
######...### .....#
###...### .......#
###..#### #........#
##..### #........# ..###
#........# ### .........#


You could see 3 orcs.

Vanquished Creatures
  A quokka (D:5)
1 creature vanquished.

Notes
Turn   | Place    | Note
-------+----------+-------------------------------------------
     0 | D:5      | leafyfresh the Octopode Delver began the quest for the Orb.
     0 | D:5      | Reached XP level 1. HP: 16/16 MP: 1/1
   187 | D:5      | Slain by an orc

Illustrated notes

Levels and vault maps discovered:
D:5:      layout_cave_pods, dk_noncrumbling_2, hangedman_decor_growths

Action                   || total
-------------------------++-------
Melee: Short sword       ||     8
       Constrict         ||     4
Dodge: Dodged            ||     7
